TOP OF THE 1ST |
University of Michigan Wolverines batting - Pitching for Pennsylvania State University Nittany Lions : RHP David Lopez
|
Pitching: RHP David Lopez
|
|
Batting: LHB Dave Carlisle
|
0-0: Ball 1-0: Foul Ball, location: 2F 1-1: Swinging Strike 1-2: Strikes out swinging
|
Batting: LHB Afanasy Zasekin
|
0-0: Swinging Strike 0-1: Called Strike 0-2: Ball 1-2: Ground out 4-3 (Groundball, 4M, EV 81.2 MPH)
|
Batting: RHB Ricky Yerzy
|
0-0: Ball 1-0: Ball 2-0: Foul Ball, location: 2F 2-1: Foul Ball, location: 2F 2-2: Ball 3-2: Fly out, F9 (Flyball, 9, EV 77.5 MPH)
|
Top of the 1st over - 0 runs, 0 hits, 0 errors, 0 left on base; University of Michigan 0 - Pennsylvania State University 0 |
BOTTOM OF THE 1ST |
Pennsylvania State University Nittany Lions batting - Pitching for University of Michigan Wolverines : RHP Ryan Zart
|
Pitching: RHP Ryan Zart
|
|
Batting: RHB Chris Trites
|
0-0: Ball 1-0: Called Strike 1-1: Foul Ball, location: 2F 1-2: Foul Ball, location: 2F 1-2: Ball 2-2: Foul Ball, location: 2F 2-2: Foul Ball, location: 2F 2-2: Foul Ball, location: 2F 2-2: Ball 3-2: Strikes out swinging
|
Batting: RHB Jwahir Pili
|
0-0: Ground out 5-3 (Groundball, 5, EV 85.6 MPH)
|
Batting: LHB Dario Segura
|
0-0: Ball 1-0: Fly out, F7 (Flyball, 7, EV 75.0 MPH)
|
Bottom of the 1st over - 0 runs, 0 hits, 0 errors, 0 left on base; University of Michigan 0 - Pennsylvania State University 0 |
TOP OF THE 2ND |
University of Michigan Wolverines batting - Pitching for Pennsylvania State University Nittany Lions : RHP David Lopez
|
Batting: RHB Kiichi Matsumoto
|
0-0: Called Strike 0-1: Ball 1-1: Ground out U3 (Groundball, 3, EV 102.5 MPH)
|
Batting: RHB Xiao-shuang Au
|
0-0: Ball 1-0: Ball 2-0: Foul Ball, location: 2F 2-1: Foul Ball, location: 2F 2-2: Fly out, F8 (Flyball, 8LD, EV 98.8 MPH)
|
Batting: RHB Bryan Castor
|
0-0: Called Strike 0-1: Ball 1-1: Ball 2-1: Foul Ball, location: 2F 2-2: Foul Ball, location: 2F 2-2: Ball 3-2: Base on Balls
|
Batting: RHB Bryan Payne
|
0-0: Swinging Strike 0-1: Foul Ball, location: 2F 0-2: Ball 1-2: Ball 2-2: Foul Ball, location: 2F 2-2: Foul Ball, location: 2F 2-2: Foul Ball, location: 2F 2-2: SINGLE (Flyball, 78S, EV 93.1 MPH) Bryan Castor to second
|
Batting: RHB Alain Marquet
|
0-0: Ball 1-0: Foul Ball, location: 2F 1-1: Foul Ball, location: 2F 1-2: Ball 2-2: Foul Ball, location: 2F 2-2: Ball 3-2: Foul Ball, location: 2F 3-2: Fly out, F7 (Line Drive, 78M, EV 94.4 MPH)
|
Top of the 2nd over - 0 runs, 1 hit, 0 errors, 2 left on base; University of Michigan 0 - Pennsylvania State University 0 |
BOTTOM OF THE 2ND |
Pennsylvania State University Nittany Lions batting - Pitching for University of Michigan Wolverines : RHP Ryan Zart
|
Batting: SHB Noah Long
|
0-0: Called Strike 0-1: Ball 1-1: Foul Ball, location: 2F 1-2: Ball 2-2: Ball 3-2: Fly out, F6 (Line Drive, 6MD, EV 71.2 MPH)
|
Batting: RHB Matt Derrien
|
0-0: SINGLE (Line Drive, 8LS, EV 105.6 MPH)
|
Batting: RHB Alberto Bravo
|
0-0: Swinging Strike 0-1: Foul Ball, location: 2F 0-2: Ball 1-2: Foul Ball, location: 2F 1-2: Grounds into double play, 5-4-3 (Groundball, 56, EV 104.4 MPH)
|
Bottom of the 2nd over - 0 runs, 1 hit, 0 errors, 0 left on base; University of Michigan 0 - Pennsylvania State University 0 |
TOP OF THE 3RD |
University of Michigan Wolverines batting - Pitching for Pennsylvania State University Nittany Lions : RHP David Lopez
|
Batting: LHB Bert Grey
|
0-0: Fly out, F9 (Flyball, 9LS, EV 74.4 MPH)
|
Batting: LHB Dave Carlisle
|
0-0: Called Strike 0-1: Ball 1-1: Swinging Strike 1-2: Ball 2-2: Foul Ball, location: 2F 2-2: Ball 3-2: Strikes out swinging
|
Batting: LHB Afanasy Zasekin
|
0-0: Ball 1-0: Called Strike 1-1: Foul Ball, location: 2F 1-2: Fly out, F7 (Flyball, 7D, EV 100.0 MPH)
|
Top of the 3rd over - 0 runs, 0 hits, 0 errors, 0 left on base; University of Michigan 0 - Pennsylvania State University 0 |
BOTTOM OF THE 3RD |
Pennsylvania State University Nittany Lions batting - Pitching for University of Michigan Wolverines : RHP Ryan Zart
|
Batting: RHB Scott Talbot
|
0-0: Fly out, F8 (Flyball, 8LD, EV 98.1 MPH)
|
Batting: RHB Bill Crogan
|
0-0: Foul Ball, location: 2F 0-1: Ball 1-1: Ball 2-1: Foul Ball, location: 2F 2-2: Foul Ball, location: 2F 2-2: Ball 3-2: Fly out, F8 (Flyball, 89M, EV 76.9 MPH)
|
Batting: RHB Hachim Fathi
|
0-0: Foul Ball, location: 2F 0-1: SINGLE (Flyball, 78S, EV 93.8 MPH)
|
Batting: RHB Chris Trites
|
0-0: Ball Hachim Fathi is caught stealing 2nd base 2-4
|
Bottom of the 3rd over - 0 runs, 1 hit, 0 errors, 0 left on base; University of Michigan 0 - Pennsylvania State University 0 |
TOP OF THE 4TH |
University of Michigan Wolverines batting - Pitching for Pennsylvania State University Nittany Lions : RHP David Lopez
|
Batting: RHB Ricky Yerzy
|
0-0: Foul Ball, location: 2F 0-1: Ball 1-1: Foul Ball, location: 2F 1-2: Foul Ball, location: 2F 1-2: Fly out, F9 (Flyball, 9D, EV 96.9 MPH)
|
Batting: RHB Kiichi Matsumoto
|
0-0: Foul Ball, location: 2F 0-1: Ball 1-1: Swinging Strike 1-2: Ball 2-2: Strikes out swinging
|
Batting: RHB Xiao-shuang Au
|
0-0: Foul Ball, location: 2F 0-1: Ball 1-1: Foul Ball, location: 2F 1-2: Strikes out swinging
|
Top of the 4th over - 0 runs, 0 hits, 0 errors, 0 left on base; University of Michigan 0 - Pennsylvania State University 0 |
BOTTOM OF THE 4TH |
Pennsylvania State University Nittany Lions batting - Pitching for University of Michigan Wolverines : RHP Ryan Zart
|
Batting: RHB Chris Trites
|
0-0: Ball 1-0: Foul Ball, location: 2F 1-1: Ball 2-1: Called Strike 2-2: Ball 3-2: Foul Ball, location: 2F 3-2: Foul Ball, location: 2F 3-2: Ground out 6-3 (Groundball, 6, EV 98.1 MPH)
|
Batting: RHB Jwahir Pili
|
0-0: Ball 1-0: Foul Ball, location: 2F 1-1: Foul Ball, location: 2F 1-2: SINGLE (Groundball, 6D, EV 98.1 MPH)
|
Batting: LHB Dario Segura
|
0-0: Foul Ball, location: 2F 0-1: Fielders Choice at 2nd, 4-6 (Groundball, 34, EV 85.6 MPH)
|
Batting: SHB Noah Long
|
0-0: Ball 1-0: Swinging Strike 1-1: Ball 2-1: Fly out, F8 (Flyball, 8RD, EV 95.6 MPH)
|
Bottom of the 4th over - 0 runs, 1 hit, 0 errors, 1 left on base; University of Michigan 0 - Pennsylvania State University 0 |
TOP OF THE 5TH |
University of Michigan Wolverines batting - Pitching for Pennsylvania State University Nittany Lions : RHP David Lopez
|
Batting: RHB Bryan Castor
|
0-0: Ball 1-0: Foul Ball, location: 2F 1-1: Foul Ball, location: 2F 1-2: Fly out, F4 (Line Drive, 4, EV 66.2 MPH)
|
Pitching: RHP Jalen Hill
|
|
Batting: RHB Bryan Payne
|
0-0: Ball 1-0: Called Strike 1-1: DOUBLE (Flyball, 78D, EV 108.8 MPH)
|
Batting: RHB Alain Marquet
|
0-0: Ball 1-0: Called Strike 1-1: Foul Ball, location: 2F 1-2: Foul Ball, location: 2F 1-2: Ball 2-2: Ball 3-2: 2-RUN HOME RUN (Flyball, 89XD, EV 110.6 MPH), Distance : 414 ft
|
Batting: LHB Bert Grey
|
0-0: Ground out 3-1 (Groundball, 34S, EV 92.5 MPH)
|
Batting: LHB Dave Carlisle
|
0-0: Ball 1-0: Foul Ball, location: 2F 1-1: Foul Ball, location: 2F 1-2: Foul Ball, location: 2F 1-2: Foul Ball, location: 2F 1-2: Foul Ball, location: 2F 1-2: SINGLE (Groundball, 4MD, EV 97.5 MPH)
|
Batting: LHB Afanasy Zasekin
|
0-0: Swinging Strike 0-1: Ball 1-1: Fly out, F8 (Flyball, 8LXD, EV 103.8 MPH)
|
Top of the 5th over - 2 runs, 3 hits, 0 errors, 1 left on base; University of Michigan 2 - Pennsylvania State University 0 |
BOTTOM OF THE 5TH |
Pennsylvania State University Nittany Lions batting - Pitching for University of Michigan Wolverines : RHP Ryan Zart
|
Batting: RHB Matt Derrien
|
0-0: Fly out, F9 (Flyball, 9D, EV 85.6 MPH)
|
Pitching: RHP Fernando Montoya
|
|
Batting: RHB Alberto Bravo
|
0-0: Ball 1-0: Foul Ball, location: 2F 1-1: Ball 2-1: DOUBLE (Flyball, 8LXD, EV 98.1 MPH)
|
Batting: RHB Scott Talbot
|
0-0: Ground out U3 (Groundball, 3, EV 81.2 MPH) Alberto Bravo to third
|
Batting: RHB Bill Crogan
|
0-0: Ball 1-0: Foul Ball, location: 2F 1-1: Foul Ball, location: 2F 1-2: Ground out 5-3 (Groundball, 56, EV 87.5 MPH)
|
Bottom of the 5th over - 0 runs, 1 hit, 0 errors, 1 left on base; University of Michigan 2 - Pennsylvania State University 0 |
TOP OF THE 6TH |
University of Michigan Wolverines batting - Pitching for Pennsylvania State University Nittany Lions : RHP Jalen Hill
|
Batting: RHB Ricky Yerzy
|
0-0: Ball 1-0: Ball 2-0: Ball 3-0: Called Strike 3-1: Base on Balls
|
Pitching: RHP Robbie Schoen
|
|
Batting: RHB Kiichi Matsumoto
|
0-0: Ball Ricky Yerzy steals 2nd base 1-0: Foul Ball, location: 2F 1-1: Called Strike 1-2: Strikes out swinging
|
Batting: RHB Xiao-shuang Au
|
0-0: Called Strike 0-1: Ball 1-1: Ball 2-1: Ball 3-1: Called Strike 3-2: 2-RUN HOME RUN (Flyball, 9D, EV 95.6 MPH), Distance : 382 ft
|
Batting: RHB Bryan Castor
|
0-0: Ball 1-0: Ball 2-0: Foul Ball, location: 2F 2-1: Foul Ball, location: 2F 2-2: Fly out, F8 (Line Drive, 8RD, EV 105.0 MPH)
|
Batting: RHB Bryan Payne
|
0-0: Ball 1-0: Ball 2-0: Ball 3-0: Called Strike 3-1: Base on Balls
|
Batting: RHB Alain Marquet
|
0-0: Foul Ball, location: 2F 0-1: Foul Ball, location: 2F 0-2: Ball 1-2: Ball 2-2: Ball 3-2: DOUBLE (Line Drive, 9LD, EV 108.8 MPH) Bryan Payne to third Bryan Payne scores
|
Pitching: RHP Chi-young Chuko
|
|
Batting: LHB Bert Grey
|
0-0: Called Strike 0-1: Ball 1-1: Ball 2-1: Foul Ball, location: 2F 2-2: Ball 3-2: Strikes out swinging
|
Top of the 6th over - 3 runs, 2 hits, 0 errors, 1 left on base; University of Michigan 5 - Pennsylvania State University 0 |
BOTTOM OF THE 6TH |
Pennsylvania State University Nittany Lions batting - Pitching for University of Michigan Wolverines : RHP Fernando Montoya
|
Batting: RHB Hachim Fathi
|
0-0: Ground out 4-3 (Groundball, 4S, EV 84.4 MPH)
|
Batting: RHB Chris Trites
|
0-0: Foul Ball, location: 2F 0-1: Ball 1-1: Called Strike 1-2: Strikes out looking
|
Batting: RHB Jwahir Pili
|
0-0: Ball 1-0: Swinging Strike 1-1: Ball 2-1: Called Strike 2-2: Foul Ball, location: 2F 2-2: Strikes out swinging
|
Bottom of the 6th over - 0 runs, 0 hits, 0 errors, 0 left on base; University of Michigan 5 - Pennsylvania State University 0 |
TOP OF THE 7TH |
University of Michigan Wolverines batting - Pitching for Pennsylvania State University Nittany Lions : RHP Chi-young Chuko
|
Batting: LHB Dave Carlisle
|
0-0: Foul Ball, location: 2F 0-1: Ball 1-1: Swinging Strike 1-2: Strikes out looking
|
Batting: LHB Afanasy Zasekin
|
0-0: Ball 1-0: Ball 2-0: DOUBLE (Line Drive, 89D, EV 113.8 MPH)
|
Batting: RHB Ricky Yerzy
|
0-0: Swinging Strike 0-1: Foul Ball, location: 2F 0-2: Ball 1-2: Ball 2-2: SINGLE (Groundball, 34D, EV 95.0 MPH) Afanasy Zasekin to third Runner from 3rd tries for Home, SAFE, throw by RF to home
|
Pitching: RHP Kian-tat Guao
|
|
Batting: RHB Kiichi Matsumoto
|
0-0: Ball 1-0: 2-RUN HOME RUN (Flyball, 89XD, EV 102.5 MPH), Distance : 422 ft
|
Batting: RHB Xiao-shuang Au
|
0-0: Ball 1-0: Foul Ball, location: 2F 1-1: Ball 2-1: Ball 3-1: Foul Ball, location: 2F 3-2: Strikes out swinging
|
Batting: RHB Bryan Castor
|
0-0: Foul Ball, location: 2F 0-1: Ball 1-1: Fly out, F4 (Line Drive, 4MD, EV 68.8 MPH)
|
Top of the 7th over - 3 runs, 3 hits, 0 errors, 0 left on base; University of Michigan 8 - Pennsylvania State University 0 |
BOTTOM OF THE 7TH |
Pennsylvania State University Nittany Lions batting - Pitching for University of Michigan Wolverines : RHP Fernando Montoya
|
Batting: LHB Dario Segura
|
0-0: Foul Ball, location: 2F 0-1: Ball 1-1: Swinging Strike 1-2: Foul Ball, location: 2F 1-2: Fly out, F9 (Flyball, 89M, EV 88.8 MPH)
|
Batting: SHB Noah Long
|
0-0: Called Strike 0-1: Foul Ball, location: 2F 0-2: Ball 1-2: Ball 2-2: Ball 3-2: Fly out, F9 (Line Drive, 9, EV 104.4 MPH)
|
Batting: RHB Matt Derrien
|
0-0: Ball 1-0: Fly out, F2 (Popup, 23F, EV 93.1 MPH)
|
Bottom of the 7th over - 0 runs, 0 hits, 0 errors, 0 left on base; University of Michigan 8 - Pennsylvania State University 0 |
TOP OF THE 8TH |
University of Michigan Wolverines batting - Pitching for Pennsylvania State University Nittany Lions : RHP Kian-tat Guao
|
Batting: RHB Bryan Payne
|
0-0: Swinging Strike 0-1: Foul Ball, location: 2F 0-2: Foul Ball, location: 2F 0-2: Foul Ball, location: 2F 0-2: Ball 1-2: Ball 2-2: Fly out, F8 (Flyball, 8RM, EV 93.1 MPH)
|
Pinch Hitting: LHB Adrian Navarro
|
0-0: Ball 1-0: Ball 2-0: Ball 3-0: Base on Balls
|
Pitching: RHP Itsuki Eguchi
|
|
Batting: LHB Bert Grey
|
0-0: Ball 1-0: Foul Ball, location: 2F 1-1: Foul Ball, location: 2F 1-2: Ball 2-2: Strikes out swinging
|
Batting: LHB Dave Carlisle
|
0-0: Called Strike 0-1: Ball 1-1: Foul Ball, location: 2F 1-2: Fly out, F8 (Flyball, 8LM, EV 74.4 MPH)
|
Top of the 8th over - 0 runs, 0 hits, 0 errors, 1 left on base; University of Michigan 8 - Pennsylvania State University 0 |
BOTTOM OF THE 8TH |
Pennsylvania State University Nittany Lions batting - Pitching for University of Michigan Wolverines : RHP Fernando Montoya
|
Pitching: RHP Shalom Diender
|
|
Now at 1B: Corey Penson
|
|
Batting: RHB Alberto Bravo
|
0-0: Swinging Strike 0-1: Fly out, F7 (Flyball, 7, EV 83.1 MPH)
|
Batting: RHB Scott Talbot
|
0-0: Ball 1-0: SINGLE (Line Drive, 56D, EV 95.0 MPH)
|
Batting: RHB Bill Crogan
|
0-0: Foul Ball, location: 2F 0-1: Grounds into double play, 6-4-3 (Groundball, 6S, EV 90.0 MPH)
|
Bottom of the 8th over - 0 runs, 1 hit, 0 errors, 0 left on base; University of Michigan 8 - Pennsylvania State University 0 |
TOP OF THE 9TH |
University of Michigan Wolverines batting - Pitching for Pennsylvania State University Nittany Lions : RHP Itsuki Eguchi
|
Pinch Hitting: RHB Mike Bearden
|
0-0: Called Strike 0-1: Swinging Strike 0-2: Ball 1-2: SINGLE (Groundball, 34D, EV 103.8 MPH)
|
Batting: RHB Ricky Yerzy
|
0-0: Ball 1-0: Fly out, F9 (Flyball, 9S, EV 79.4 MPH)
|
Pinch Hitting: LHB Dusty Bryant
|
0-0: Called Strike 0-1: Called Strike 0-2: Ball 1-2: Ball 2-2: Ball 3-2: Fly out, F9 (Line Drive, 9, EV 99.4 MPH)
|
Batting: RHB Xiao-shuang Au
|
0-0: Ball 1-0: Foul Ball, location: 2F 1-1: Called Strike 1-2: Ball 2-2: Strikes out swinging
|
Top of the 9th over - 0 runs, 1 hit, 0 errors, 1 left on base; University of Michigan 8 - Pennsylvania State University 0 |
BOTTOM OF THE 9TH |
Pennsylvania State University Nittany Lions batting - Pitching for University of Michigan Wolverines : RHP Shalom Diender
|
Now in CF: Joe Thomas
|
|
Now in RF: Mike Bearden
|
|
Pinch Hitting: RHB Brad Adams Jr.
|
0-0: Ball 1-0: Called Strike 1-1: Ball 2-1: Foul Ball, location: 2F 2-2: Ball 3-2: Fly out, F2 (Popup, 2RF, EV 85.6 MPH)
|
Batting: RHB Chris Trites
|
0-0: Called Strike 0-1: Ball 1-1: Called Strike 1-2: Ball 2-2: Foul Ball, location: 2F 2-2: Fly out, F9 (Line Drive, 9, EV 93.8 MPH)
|
Batting: RHB Jwahir Pili
|
0-0: Ball 1-0: Ground out 5-3 (Groundball, 56, EV 92.5 MPH)
|
Bottom of the 9th over - 0 runs, 0 hits, 0 errors, 0 left on base; University of Michigan 8 - Pennsylvania State University 0 |
|